 Dungeon Crawl Stone Soup version 0.21-a0-615-g8e08f28 (webtiles) character file.

16 Lremus the Caller (level 2, -1/20 HPs)
             Began as a Draconian Summoner on Dec 22, 2017.
             Slain by a gnoll
             ... wielding a cursed -2 halberd
              (13 damage)
             ... on level 2 of the Dungeon on Dec 23, 2017.
             The game lasted 00:04:41 (1145 turns).

Lremus the Caller (Draconian Summoner)              Turns: 1145, Time: 00:04:42

Health: -1/20      AC:  4    Str: 10    XL:     2   Next: 41%
Magic:  1/5        EV: 12    Int: 15    God:
Gold:   84         SH:  0    Dex: 11    Spells: 2/5 levels left

rFire    . . .     SeeInvis .   c - +2 short sword (speed)
rCold    . . .     Gourm    .   (no shield)
rNeg     . . .     Faith    .   (armour unavailable)
rPois    .         Spirit   .   (helmet restricted)
rElec    .         Reflect  .   (no cloak)
rCorr    .         Harm     .   (no gloves)
MR       .....                  (no boots)
Stlth    ++........             (no amulet)
HPRegen  0.06/turn              (no ring)
MPRegen  0.09/turn              (no ring)

@: very slightly contaminated
A: unfitting armour, cold-blooded, AC +4
a: no special abilities


You were on level 2 of the Dungeon.
You were hungry.

You visited 1 branch of the dungeon, and saw 2 of its levels.

You collected 84 gold pieces.

Inventory:

Hand Weapons
 c - a +2 short sword of speed (weapon)
Jewellery
 i - an uncursed ring of poison resistance {unknown}
 o - an uncursed ring of fire {unknown}
Scrolls
 e - a scroll of teleportation {unknown}
 f - a scroll of identify {unknown}
 j - a scroll of blinking {unknown}
 k - a scroll of amnesia {unknown}
Potions
 d - a potion of curing {unknown}
 g - a potion of lignification {unknown}
 h - a potion of heal wounds {unknown}
 l - a potion of agility {unknown}
 m - a potion of berserk rage {unknown}
 n - a potion of magic {unknown}
Books
 a - a book of Callings

   Spells                             Type                      Level
   a - Summon Small Mammal            Summoning                    1
   b - Call Imp                       Summoning                    2
   c - Call Canine Familiar           Summoning                    3
   d - Summon Guardian Golem          Hexes/Summoning              3
   e - Summon Lightning Spire         Summoning/Air                4
   f - Summon Ice Beast               Ice/Summoning                4
Comestibles
 b - 3 rations


   Skills:
 - Level 1.7 Dodging
 - Level 1.7 Stealth
 - Level 2.0 Spellcasting
 + Level 4.7 Summonings


You had 2 spell levels left.
You knew the following spells:

 Your Spells              Type           Power        Failure   Level  Hunger
a - Summon Small Mammal   Summ           ###.         3%          1    #......
b - Call Imp              Summ           ###.....     4%          2    ###....


Dungeon Overview and Level Annotations

Branches:
Dungeon (2/15)

Altars:

Annotations:
D:2 Sigmund


Innate Abilities, Weirdness & Mutations

Your plain brown scales are hard. (AC +4)
You cannot fit into any form of body armour.
You are cold-blooded and may be slowed by cold attacks.


Message History

You see here a spear.
There are monsters nearby!
Press: ? - help, v - describe, . - travel, g - get item A spear.
The floor.
The gnoll shouts!
You hear a shout!
You swap places.
What are your orders? t - Shout!
Orders for allies: a - Attack new target. r - Retreat! s - Stop attacking. g - Guard the area. f - Follow me.
Anything else - Cancel.
Gang up on whom?
Press: ? - help, Dir - move target cursor, f - gnoll
Aim: a gnoll, wielding a halberd Attack!
Your bat misses the kobold. The kobold hits you with a dagger.
The gnoll hits you from afar with a halberd!
Ouch! That really hurt!
You die...

#######
#(<...################
#.(...@.............>.
#.รท.bK5)....##########
#....g#####.#
..........# #.##
..####.%###
#.#.######### ....#
..###.<.....># ......
#.# #.#######.# ##.###.
#. #...# #. g # ###.#


You could see a gnoll, a kobold, a friendly white imp and a friendly bat.

Vanquished Creatures
  A giant cockroach (D:1)
  2 goblins
  A kobold (D:1)
  A frilled lizard (D:2)
  7 rats
12 creatures vanquished.

Vanquished Creatures (collateral kills)
  A gnoll (D:2)
  A goblin (D:1)
2 creatures vanquished.

Grand Total: 14 creatures vanquished

Notes
Turn   | Place    | Note
-------+----------+-------------------------------------------
     0 | D:1      | Lremus the Draconian Summoner began the quest for the Orb.
     0 | D:1      | Reached XP level 1. HP: 14/14 MP: 3/3
   727 | D:1      | Reached XP level 2. HP: 18/20 MP: 5/5
   833 | D:1      | Learned a level 2 spell: Call Imp
  1011 | D:2      | Noticed Sigmund
  1145 | D:2      | Slain by a gnoll

Vault maps used:
D:1:      dpeg_arrival_round_b
D:2:      first_ration, minmay_goblin_kobold_house, uniq_sigmund

Action                   || total
-------------------------++-------
Melee: Short sword       ||    24
       Tailslap          ||     1
 Cast: Summon Small Mamm ||     7
       Call Imp          ||     2
 Stab: Sleeping          ||     1
Armor: Skin              ||     7
Dodge: Dodged            ||    13

Table legend:
 A = Spawn XP
 B = Non-spawn XP
 C = Spawn XP percentage of total XP
 D = Spawn monster count
 E = Non-spawn monster count
 F = Spawn count percentage of total count
 G = Total turns spent on level
                    A         B        C        D         E        F      G
               +---------+---------+-------+---------+---------+-------+---------
         Total |       0 |      24 |   0.0 |       0 |      14 |   0.0 |  1145
               +---------+---------+-------+---------+---------+-------+---------
           D:1 |       0 |      13 |   0.0 |       0 |      10 |   0.0 |   982
           D:2 |       0 |      11 |   0.0 |       0 |       4 |   0.0 |   163
               +---------+---------+-------+---------+---------+-------+---------
